 Dungeon Crawl Stone Soup version 0.20.0-10-g0535bb4 (webtiles) character file.

17707 McKennaii the Blocker (level 12, 0/105 HPs)
             Began as a Minotaur Fighter on June 7, 2017.
             Was an Elder of Qazlal.
             Killed from afar by a guardian serpent (17 damage)
             ... with a bolt of poison
             ... on level 10 of the Dungeon.
             The game lasted 00:17:45 (11663 turns).

McKennaii the Blocker (Minotaur Fighter)           Turns: 11663, Time: 00:17:47

Health: 0/105      AC: 16    Str: 23    XL:     12   Next: 21%
Magic:  0/11       EV:  6    Int:  5    God:    Qazlal [****..]
Gold:   409        SH: 25    Dex: 13    Spells: 11/11 levels left

rFire    . . .     SeeInvis .   d - +0 scimitar (flame)
rCold    + . .     Gourm    .   h - +0 large shield
rNeg     . . .     Faith    .   C - +0 plate armour
rPois    .         Spirit   +   v - +2 hat
rElec    .         Reflect  .   U - scarf {Spirit}
rCorr    +         Harm     .   (no gloves)
MR       .....                  (no boots)
Stlth    ..........             (no amulet)
Regen    0.3/turn               b - ring of protection from cold
MPRegen  0.2/turn               T - ring of resist corrosion

@: lethally poisoned (0 -> -43), repel missiles
A: retaliatory headbutt, horns 2
a: Upheaval, Elemental Force, Renounce Religion


You were on level 10 of the Dungeon.
You worshipped Qazlal.
Qazlal was greatly pleased with you.
You were very hungry.

You visited 2 branches of the dungeon, and saw 12 of its levels.

You collected 409 gold pieces.

Inventory:

Hand Weapons
 d - a +0 scimitar of flaming (weapon)
Armour
 h - a +0 large shield (worn)
 v - a +2 hat (worn)
 C - a +0 plate armour (worn)
 U - a scarf of spirit shield (worn)
Jewellery
 b - a ring of protection from cold (left hand)
 A - an uncursed ring of see invisible
 D - an uncursed ring of positive energy
 T - a ring of resist corrosion (right hand)
Wands
 a - a wand of paralysis (9/24)
 r - a wand of polymorph (8/24)
 x - a wand of paralysis (8/24)
 E - a wand of digging (12/24)
 G - a wand of disintegration (17/24)
 J - a wand of random effects (25/48)
 N - a wand of acid (8/15)
 O - a wand of disintegration (15/24)
 P - a wand of lightning (1/15)
 R - a wand of confusion (23/48)
 S - a wand of enslavement (6/24)
Scrolls
 c - 10 scrolls of identify
 j - a scroll of fog {unknown}
 l - 3 scrolls of blinking {unknown}
 n - a scroll of immolation {unknown}
 o - 4 scrolls of remove curse
 p - a scroll of random uselessness {unknown}
 u - a scroll of amnesia {unknown}
 F - 4 scrolls of teleportation {unknown}
 L - 2 scrolls of enchant armour {unknown}
Potions
 e - 2 potions of brilliance
 i - 2 potions of ambrosia {unknown}
 k - 2 potions of lignification {unknown}
 m - 3 potions of agility
 q - 7 potions of curing
 s - 3 potions of invisibility {unknown}
 t - 4 potions of mutation {unknown}
 w - 2 potions of degeneration {unknown}
 z - a potion of berserk rage {unknown}
 H - 2 potions of heal wounds {unknown}
 I - a potion of magic {unknown}
 M - a potion of cancellation {unknown}
 Q - a potion of resistance {unknown}
Books
 y - a book of Air

   Spells                             Type                      Level
   a - Shock                          Conjuration/Air              1
   b - Swiftness                      Charms/Air                   2
   c - Static Discharge               Conjuration/Air              3
   d - Airstrike                      Air                          4
   e - Lightning Bolt                 Conjuration/Air              5
 B - a book of Maledictions

   Spells                             Type                      Level
   a - Corona                         Hexes                        1
   b - Ensorcelled Hibernation        Hexes/Ice                    2
   c - Confuse                        Hexes                        3
   d - Tukima's Dance                 Hexes                        3
   e - Dazzling Spray                 Conjuration/Hexes            3
Comestibles
 f - 8 bread rations
 g - 9 meat rations
 K - 19 royal jellies


   Skills:
 + Level 9.5 Fighting
 + Level 13.5 Long Blades
 + Level 10.5 Armour
 + Level 3.2 Dodging
 + Level 0.1 Stealth
 + Level 14.2 Shields
 + Level 0.4 Unarmed Combat


You had 11 spell levels left.
You didn't know any spells.

Dungeon Overview and Level Annotations

Branches:
Dungeon (11/15)            Temple (1/1) D:5            Lair (0/6) D:9
    Orc (0/2) D:9

Altars:
Ashenzari
Cheibriados
Dithmenos
Elyvilon
Fedhas
Gozag
Hepliaklqana
Kikubaaqudgha
Makhleb
Nemelex Xobeh
Okawaru
Qazlal
Ru
Sif Muna
Trog
Uskayaw
Vehumet
Xom
Yredelemnul
Zin
The Shining One

Shops:
D:7 *   D:9 [


Innate Abilities, Weirdness & Mutations

You reflexively headbutt those who attack you in melee.
You have a pair of horns on your head.


Message History

You climb upwards.
You feel very sick.
There is a stone staircase leading down here.
You hit the guardian serpent but do no damage.
Your headbutt misses the guardian serpent.
The guardian serpent is almost dead.
You feel sick.
The kobold demonologist casts a cantrip, but nothing happens.
The guardian serpent coils itself and waves its upper body at you.
The bolt of poison hits you!
You are lethally poisoned!
* * * LOW HITPOINT WARNING * * *
You hit the guardian serpent but do no damage.
The guardian serpent is almost dead.
* * * LOW HITPOINT WARNING * * *
You feel sick.
The guardian serpent coils itself and waves its upper body at you.
The bolt of poison hits you!
You are more poisoned.
You die...

#.......#............#.#.#
#.......#............#..#.
#.......'............#..##
######..####.........#....
#.....###########..#.
#..................#.
#.§§.§.....#####...#.
#.§..§.....# #...#.
#...@.§....# #...#.
#...KS.....# #...#.
#....§.....# #...#.
######.....# #...#.
#.....# #...#.
#.....#####...##
########...............
#...........######.....
#...........#....#.....


You could see a guardian serpent and a kobold demonologist.

Vanquished Creatures
  Gastronok (D:9)
  Josephine (D:11)
  3 two-headed ogres
  A queen ant (D:10)
  Erica (D:9)
  A tengu warrior (D:10)
  An unseen horror (D:10)
  Pikel (D:7)
  Maurice (D:9)
  3 kobold demonologists
  A tengu conjurer (D:10)
  A queen bee (D:9)
  A hippogriff (D:10)
  Prince Ribbit (D:9)
  5 yaks (D:9)
  4 wraiths (D:11)
  A wyvern (D:10)
  A hungry ghost (D:6)
  A human (D:7)
  4 hogs (D:7)
  4 soldier ants (D:10)
  2 porcupines (D:9)
  6 orc warriors
  A phantom (D:9)
  2 ice beasts
  A black bear (D:8)
  3 ogres
  3 crocodiles
  3 centaurs
  7 bullfrogs
  3 scorpions
  24 killer bees
  7 wights
  An electric eel (D:7)
  A crimson imp (D:8)
  A bullfrog zombie (D:8)
  3 centaur skeletons
  4 hounds
  10 orc priests
  2 bullfrog skeletons
  2 jellies
  Jessica (D:2)
  38 worker ants
  11 orc wizards
  A mummy (D:6)
  A hound skeleton (D:4)
  A hound zombie (D:10)
  A worker ant zombie (D:10)
  3 gnolls (D:6)
  11 adders
  A shadow imp (D:10)
  An ooze (D:3)
  An adder skeleton (D:5)
  3 dart slugs
  2 worms
  7 leopard geckos
  50 orcs
  8 bats
  3 giant cockroaches
  5 goblins
  10 hobgoblins
  12 jackals
  3 quokkas
  5 frilled lizards
  2 hobgoblin zombies (D:6)
  2 jackal zombies
  11 kobolds
  A leopard gecko skeleton (D:4)
  2 orc zombies (D:6)
  3 quokka zombies
  9 rats
333 creatures vanquished.

Vanquished Creatures (others)
  4 slaves (D:7)
  A wight (D:7)
  A fungus (D:9)
  5 plants (D:9)
11 creatures vanquished.

Grand Total: 344 creatures vanquished

Notes
Turn   | Place    | Note
-------+----------+-------------------------------------------
     0 | D:1      | McKennaii the Minotaur Fighter began the quest for the Orb.
     0 | D:1      | Reached XP level 1. HP: 19/19 MP: 0/0
   160 | D:1      | Reached XP level 2. HP: 27/27 MP: 1/1
   560 | D:1      | Reached skill level 4 in Shields
  1082 | D:2      | Reached XP level 3. HP: 33/33 MP: 2/2
  1330 | D:2      | Found a faded altar of an unknown god.
  1537 | D:2      | Noticed Jessica
  1570 | D:2      | Killed Jessica
  1570 | D:2      | Reached XP level 4. HP: 40/40 MP: 3/3
  1836 | D:3      | Reached XP level 5. HP: 12/46 MP: 4/4
  2346 | D:4      | Reached skill level 1 in Dodging
  2390 | D:4      | Reached skill level 5 in Shields
  2481 | D:4      | Reached XP level 6. HP: 21/53 MP: 5/5
  2483 | D:4      | Reached skill level 5 in Long Blades
  2483 | D:4      | Reached skill level 5 in Armour
  3268 | D:5      | Entered Level 5 of the Dungeon
  3303 | D:5      | Found an ancient bone altar of Kikubaaqudgha.
  3309 | D:5      | Reached skill level 6 in Shields
  3310 | D:5      | Reached XP level 7. HP: 60/60 MP: 6/6
  3708 | D:5      | Found a staircase to the Ecumenical Temple.
  3721 | Temple   | Entered the Ecumenical Temple
  3955 | Temple   | Became a worshipper of Qazlal Stormbringer
  4142 | D:5      | Found a burning altar of Makhleb.
  4317 | D:6      | Reached skill level 5 in Fighting
  4534 | D:6      | Reached skill level 7 in Shields
  4821 | D:7      | Reached XP level 8. HP: 68/68 MP: 7/7
  5219 | D:7      | Found Hell's General Store.
  5560 | D:7      | Noticed Pikel
  5579 | D:7      | Killed Pikel
  5579 | D:7      | Reached skill level 8 in Shields
  5619 | D:7      | Reached XP level 9. HP: 52/75 MP: 8/8
  5640 | D:7      | Reached skill level 9 in Shields
  6416 | D:8      | Reached * piety under Qazlal
  6689 | D:8      | Found a shattered altar of Ashenzari.
  6875 | D:8      | Reached skill level 10 in Shields
  7399 | D:9      | Noticed a kobold demonologist
  7399 | D:9      | Noticed a kobold demonologist
  7426 | D:9      | Noticed Gastronok
  7622 | D:9      | Noticed an ice devil
  7631 | D:8      | Noticed a soul eater
  7631 | D:8      | Killed a kobold demonologist
  7751 | D:8      | Killed a kobold demonologist
  7751 | D:8      | Reached XP level 10. HP: 83/84 MP: 9/9
  7752 | D:8      | Reached ** piety under Qazlal
  8006 | D:9      | Killed Gastronok
  8006 | D:9      | Reached skill level 10 in Long Blades
  8006 | D:9      | Reached skill level 11 in Shields
  8091 | D:9      | Noticed a two-headed ogre
  8097 | D:9      | Noticed Prince Ribbit
  8109 | D:9      | Killed a two-headed ogre
  8117 | D:9      | Killed Prince Ribbit
  8453 | D:9      | Found Wodda's Armour Shoppe.
  8454 | D:9      | Found a staircase to the Orcish Mines.
  8556 | D:9      | Noticed Maurice
  8589 | D:9      | Noticed Erica
  8615 | D:9      | Killed Erica
  8971 | D:9      | Killed Maurice
  8971 | D:9      | Reached XP level 11. HP: 36/94 MP: 10/10
  9146 | D:9      | Reached skill level 12 in Shields
  9368 | D:9      | Reached *** piety under Qazlal
  9833 | D:9      | Noticed a two-headed ogre
  9842 | D:9      | Killed a two-headed ogre
  9850 | D:9      | Found a staircase to the Lair.
 10009 | D:10     | Entered Level 10 of the Dungeon
 10453 | D:9      | Reached skill level 13 in Shields
 10457 | D:9      | Reached **** piety under Qazlal
 10562 | D:10     | Noticed a queen ant
 10574 | D:10     | Reached skill level 10 in Armour
 10579 | D:10     | Killed a queen ant
 10840 | D:10     | Noticed a tengu warrior
 10849 | D:10     | Killed a tengu warrior
 10937 | D:10     | Found a glowing silver altar of Zin.
 11061 | D:10     | Noticed an unseen horror
 11063 | D:10     | Killed an unseen horror
 11257 | D:10     | Reached XP level 12. HP: 86/104 MP: 11/11
 11366 | D:10     | Noticed a two-headed ogre
 11372 | D:10     | Killed a two-headed ogre
 11372 | D:10     | Reached skill level 14 in Shields
 11616 | D:11     | Noticed Josephine
 11625 | D:11     | Killed Josephine
 11663 | D:10     | Killed from afar by a guardian serpent

Skill      XL: |  1  2  3  4  5  6  7  8  9 10 11 12 |
---------------+-------------------------------------+-----
Armour         | 4 5 7 8 9 10 | 10.5
Shields        | 4 5 6 7 8 10 11 13 14 | 14.2
Fighting       | 4 5 6 8 9 |  9.5
Long Blades    | 3 4 5 7 8 9 12 13 | 13.5
Dodging        | 1 2 3 |  3.2
Stealth        | |  0.1
Unarmed Combat | |  0.4

Action                   |  1- 3 |  4- 6 |  7- 9 | 10-12 || total
-------------------------+-------+-------+-------+-------++-------
Melee: Long sword        |    96 |   192 |   446 |    69 ||   803
       Headbutt          |    13 |    38 |    87 |   125 ||   263
       Unarmed           |     3 |       |       |       ||     3
       Scimitar          |       |       |       |   465 ||   465
  Use: Scroll            |       |       |     3 |     1 ||     4
       Potion            |       |       |       |     3 ||     3
 Stab: Confused          |     1 |       |       |       ||     1
  Eat: Chunk             |     2 |     6 |    11 |     8 ||    27
       Meat ration       |       |       |     1 |     1 ||     2
       Royal jelly       |       |       |     1 |       ||     1
Armor: Scale mail        |    28 |    22 |       |       ||    50
       Chain mail        |       |    81 |    17 |       ||    98
       Plate armour      |       |       |   149 |   177 ||   326
Dodge: Dodged            |    14 |    35 |    42 |    48 ||   139
       Deflected         |       |       |       |     2 ||     2
Block: Large shield      |    50 |   154 |   362 |   571 ||  1137
       Shield            |     5 |       |       |       ||     5
       Rpst.: Long sword |     4 |    10 |    12 |     1 ||    27
       Scimitar          |       |       |       |    12 ||    12
